 Dungeon Crawl Stone Soup version 0.30-a0-967-g9b59a09336 (webtiles) character file.

Game seed: 16091884400741335974

25302 Drevant2 the Tortoise (level 13, -4/71 (87) HPs)
             Began as a Barachi Fighter on Mar 31, 2023.
             Was the Champion of Okawaru.
             Slain by a spectral eight-headed hydra (6 damage)
             ... on level 3 of the Lair of Beasts.
             The game lasted 00:46:11 (19564 turns).

Drevant2 the Tortoise (Barachi Fighter)            Turns: 19564, Time: 00:46:12

HP:   -4/71 (87)    AC: 34    Str: 19    XL:     13   Next: 18%
MP:   12/14         EV:  7    Int: 11    God:    Okawaru [******]
Gold: 853           SH: 16    Dex: 16    Spells: 12/12 levels left

rFire   + . .      SeeInvis .    a - +0 long sword (elec)
rCold   . . .      Faith    .    m - +1 kite shield {reflect}
rNeg    . . .      Spirit   .    v - +2 crystal plate armour
rPois   .          Reflect  +    (no helmet)
rElec   .          Rampage  .    (no cloak)
rCorr   +          Rage     3%   (no gloves)
Will    .....                    j - +0 pair of boots Stlth
                                 (no amulet)
HPRegen 0.31/turn                G - ring of Miriczeg {+Blink rCorr Int+3 Stlth+}
MPRegen 0.14/turn                n - ring of protection from fire

@: mighty, heroic, on berserk cooldown, slowed, heavily drained, very slow
A: amphibious, slowness 1, strong legs 2, +LOS, iridescent scales 1, berserk 1,
wild magic 1
a: Hop, Renounce Religion, Evoke Blink, Heroism, Finesse, Duel


You were on level 3 of the Lair of Beasts.
You worshipped Okawaru.
Okawaru was exalted by your worship.
You visited 2 branches of the dungeon, and saw 15 of its levels.
You also visited: Ossuary.

You collected 853 gold pieces.

Inventory:

Hand Weapons
 a - a +0 long sword of electrocution (weapon)
 l - a +5 scimitar
 H - a +0 scimitar of holy wrath
Armour
 b - a +1 scale mail
 c - a +0 buckler
 f - a +0 tower shield
 j - a +0 pair of boots (worn)
 m - a +1 kite shield of reflection (worn)
 v - a +2 crystal plate armour (worn)
Jewellery
 g - a +6 ring of dexterity
 n - a ring of protection from fire (right hand)
 r - the ring of the Evening {rN+ Will- AC+4 Dex+3}
   (You found it on level 10 of the Dungeon)

   [ring of protection]

   AC:        It affects your AC (+4).
   Dex:       It affects your dexterity (+3).
   rN:        It protects you from negative energy.
   Will:      It decreases your willpower.
 u - an amulet of the acrobat
 G - the ring of Miriczeg (left hand) {+Blink rCorr Int+3 Stlth+}
   (You found it on level 1 of the Lair of Beasts)

   [ring of resist corrosion]

   Int:       It affects your intelligence (+3).
   +Blink:    It lets you blink.
   rCorr:     It protects you from acid and corrosion.
   Stlth:     It makes you more stealthy.
 J - a ring of flight
Wands
 h - a wand of polymorph (18)
 o - a wand of flame (18)
 x - a wand of acid (13)
Scrolls
 e - 4 scrolls of enchant weapon
 k - 2 scrolls of amnesia
 p - 3 scrolls of poison
 q - a scroll of teleportation
 t - 2 scrolls of magic mapping
 w - a scroll of fog
 D - 2 scrolls of noise
 I - a scroll of identify
Potions
 d - 2 potions of cancellation
 i - 3 potions of attraction
 s - 2 potions of flight
 A - 2 potions of ambrosia
 B - a potion of brilliance
 C - 2 potions of curing


   Skills:
 - Level 3.6(8.6) Fighting
 * Level 12.7(17.7) Long Blades
 - Level 18.0(23.0) Armour
 - Level 13.2(18.2) Shields
 + Level 2.3 Invocations


You had 12 spell levels left.
You didn't know any spells.
Your spell library contained the following spells:

 Spells                   Type           Power      Damage    Failure   Level
 Shock                    Conj/Air       0%         1d3       100%        1
 Scorch                   Fire           0%         2d5       100%        2
 Sublimation of Blood     Necr           0%         N/A       100%        2
 Wereblood                Tmut           0%         N/A       100%        2
 Dazzling Flash           Conj/Hex       0%         N/A       100%        3
 Swiftness                Air            0%         N/A       100%        3
 Airstrike                Air            0%         2d(0-16)  100%        4
 Flame Wave               Conj/Fire      0%         2d4       100%        4
 Iskenderun's Mystic Bla  Conj/Tloc      0%         2d3       100%        4
 Sticky Flame             Conj/Fire      0%         2d3       100%        4
 Starburst                Conj/Fire      0%         6d3       100%        6
 Chain Lightning          Conj/Air       0%         N/A       100%        9
 Summon Cactus Giant      Summ           Unusable   N/A       N/A         6
 Summon Hydra             Summ           Unusable   N/A       N/A         7

Dungeon Overview and Level Annotations

Branches:
Dungeon (11/15)            Temple (0/1) D:6            Lair (4/5) D:9
 Spider (0/4) Lair:2        Slime (0/5) Lair:4      Ossuary (visited)
  Swamp: Lair:2-3    Shoals: Lair:2-3       Orc: D:9-12

Altars:
Gozag
Hepliaklqana
Okawaru
Ru
Uskayaw
Wu Jian
Xom
Zin
Jiyva

Shops:
D:7 (   D:8 [

Portals:
Abyss: Lair:2

Annotations:
D:3 Sigmund
D:8 Amaemon
D:9 2 transporters
Lair:2 2 transporters, Longtemps's ghost, journeyman OpEE


Innate Abilities, Weirdness & Mutations

You are amphibious.
You cover ground slowly.
You can hop long distances.
You have an extended range of vision and can be seen from far away.
You are partially covered in iridescent scales. (AC +2)
You sometimes lose your temper in combat.
Your spells are a little harder to cast, but a little more powerful.


Message History

The spectral eight-headed hydra is almost destroyed.
You block the spectral eight-headed hydra's attack.
The spectral eight-headed hydra bites you but does no damage. x2
The spectral eight-headed hydra bites you!
* * * LOW HITPOINT WARNING * * *
You feel drained.
* * * LOW HITPOINT WARNING * * *
The spectral eight-headed hydra completely misses you.
The spectral eight-headed hydra bites you but does no damage.
The spectral eight-headed hydra bites you.
* * * LOW HITPOINT WARNING * * *
You block the spectral eight-headed hydra's attack.
The rime drake bites you but does no damage.
You block the spectral eight-headed hydra's attack.
The spectral eight-headed hydra bites you but does no damage. x3
The spectral eight-headed hydra bites you.
* * * LOW HITPOINT WARNING * * *
The spectral eight-headed hydra bites you but does no damage. x3
You slash the spectral eight-headed hydra!
The spectral eight-headed hydra is almost destroyed.
You block the rime drake's attack.
The spectral eight-headed hydra bites you but does no damage. x2
You block the spectral eight-headed hydra's attack.
The spectral eight-headed hydra bites you but does no damage.
You block the spectral eight-headed hydra's attack.
The spectral eight-headed hydra bites you but does no damage.
You block the spectral eight-headed hydra's attack.
The spectral eight-headed hydra bites you but does no damage.
The rime drake bites you but does no damage.
Unknown command.
Okay, then.
You gain the combat prowess of a mighty hero.
The ice encasing you melts away.
The spectral eight-headed hydra bites you but does no damage.
The spectral eight-headed hydra bites you.
* * * LOW HITPOINT WARNING * * *
The spectral eight-headed hydra bites you but does no damage.
You block the spectral eight-headed hydra's attack.
The spectral eight-headed hydra bites you.
You die...

....................##...#...#
....P....P.........##.......##
~~.....................:.....#
~~......................###.##
#####...................# .#
.. .P..#..........## #
.............####
..............♣ ♣♣♣♣
.........@...♣♣♣.....♣
.........kZ.....[...~.
..............~..♣♣♣.§
(................~♣
................~.♣
.............♣♣♣.~..
............. ♣♣♣.♣
.............. ♣
.............#.


You could see a spectral eight-headed hydra and a rime drake.

Vanquished Creatures
  4 two-headed ogres
  A catoblepas (Lair:1)
  A cyclops (D:11)
  An elephant (Lair:2)
  2 black mambas
  2 torpor snails
  2 cane toads (Lair:1)
  4 rime drakes
  An unseen horror (D:11)
  A kobold demonologist (D:10)
  5 komodo dragons
  A troll (shapeshifter) (D:9)
  4 trolls
  Grinder (D:3)
  4 polar bears
  Prince Ribbit (D:7)
  2 spectral black mambas (Lair:3)
  5 wraiths
  3 wyverns
  22 yaks
  4 basilisks
  9 steam dragons
  4 vampire mosquitoes (D:11)
  2 acid dragons
  11 water moccasins
  5 orc warriors
  A black bear (Lair:1)
  2 ice beasts
  6 wolves
  5 centaurs
  6 kobold brigands
  6 bullfrogs
  11 scorpions
  5 water moccasin zombies (Ossuary)
  17 wights
  27 killer bees
  A howler monkey (D:9)
  An electric eel (Lair:2)
  7 jellies
  11 orc priests
  4 hounds
  3 gnoll boudas
  2 sleepcaps
  2 iguanas (D:5)
  3 orc wizards
  2 mummies (Ossuary)
  Robin (D:2)
  21 gnolls
  8 adders
  3 shadow imps (D:5)
  An ufetubus (D:4)
  6 adder zombies (Ossuary)
  A worm (D:3)
  5 dart slugs
  21 orcs
  10 ball pythons
  6 bats
  9 endoplasms
  17 giant cockroaches
  19 goblins
  6 hobgoblins
  2 jackals (D:1)
  25 kobolds
  3 quokkas
  2 frilled lizards
  3 gnoll zombies (Ossuary)
  5 hobgoblin zombies (Ossuary)
  5 kobold zombies (Ossuary)
  2 orc zombies (Ossuary)
  6 rats
411 creatures vanquished.

Vanquished Creatures (others)
  A gnoll (D:8)
  A bush (Lair:2)
  21 fungi
  101 plants
124 creatures vanquished.

Grand Total: 535 creatures vanquished

Notes
Turn   | Place    | Note
-------+----------+-------------------------------------------
     0 | D:1      | Drevant2 the Barachi Fighter began the quest for the Orb.
     0 | D:1      | Reached XP level 1. HP: 18/18 MP: 1/1
   208 | D:1      | Reached XP level 2. HP: 22/24 MP: 2/2
   695 | D:1      | Reached XP level 3. HP: 20/29 MP: 3/3
  1422 | D:2      | Reached skill level 5 in Long Blades
  1434 | D:2      | Reached XP level 4. HP: 22/36 MP: 4/4
  1612 | D:2      | Noticed Robin
  1684 | D:2      | Killed Robin
  2069 | D:1      | Reached XP level 5. HP: 19/41 MP: 5/5
  2838 | D:3      | Found a hazy altar of Hepliaklqana.
  2993 | D:3      | Found a shimmering altar of Xom.
  2996 | D:3      | Found an iron altar of Okawaru.
  2996 | D:3      | Noticed Grinder
  3180 | D:3      | Became a worshipper of Warmaster Okawaru
  3523 | D:3      | Gained mutation: You are partially covered in iridescent
                  | scales. (AC +2) [potion of mutation]
  3523 | D:3      | Gained mutation: You sometimes lose your temper in combat.
                  | [potion of mutation]
  3523 | D:3      | Gained mutation: Your spells are a little harder to cast,
                  | but a little more powerful. [potion of mutation]
  3528 | D:3      | Paralysed by Grinder for 5 turns
  3537 | D:3      | Paralysed by Grinder for 2 turns
  3541 | D:3      | Paralysed by Grinder for 3 turns
  3545 | D:3      | Killed Grinder
  3546 | D:3      | Reached XP level 6. HP: 10/47 MP: 6/6
  3763 | D:3      | Noticed Sigmund
  3807 | D:4      | Reached skill level 5 in Shields
  3807 | D:4      | Reached XP level 7. HP: 52/52 MP: 7/7
  4017 | D:4      | Found an opulent altar of Gozag.
  4170 | D:4      | Reached * piety under Okawaru
  4463 | D:5      | Entered Level 5 of the Dungeon
  4824 | D:5      | Reached XP level 8. HP: 38/59 MP: 8/8
  4894 | D:5      | Found a transporter.
  4894 | D:5      | Found a transporter.
  5151 | D:5      | Reached skill level 4 in Armour
  5160 | D:5      | Reached skill level 5 in Armour
  5355 | D:6      | Reached ** piety under Okawaru
  5362 | D:6      | Reached skill level 6 in Armour
  5369 | D:6      | Found a sacrificial altar of Ru.
  5372 | D:6      | Noticed a hornet
  5590 | D:6      | Reached skill level 7 in Armour
  5718 | D:6      | Found a staircase to the Ecumenical Temple.
  5790 | D:7      | Noticed Prince Ribbit
  5790 | D:7      | Found Onafiman's Antique Weapon Shoppe.
  5845 | D:7      | Reached skill level 8 in Armour
  5845 | D:7      | Reached XP level 9. HP: 46/64 MP: 9/9
  5937 | D:7      | Reached skill level 9 in Armour
  5966 | D:7      | Killed Prince Ribbit
  5967 | D:7      | Reached skill level 10 in Armour
  5976 | D:7      | Reached *** piety under Okawaru
  6034 | D:7      | Reached skill level 11 in Armour
  6107 | D:7      | Found a sand-covered staircase.
  6115 | Ossuary  | Entered an ossuary
  6556 | D:7      | Reached skill level 12 in Armour
  6624 | D:7      | Found a hide-covered altar of Uskayaw.
  6627 | D:7      | Noticed a +0 dagger
  6628 | D:7      | Noticed a +0 hand axe
  6632 | D:7      | Reached skill level 10 in Long Blades
  6632 | D:7      | Reached XP level 10. HP: 70/70 MP: 10/10
  6989 | D:8      | Noticed a two-headed ogre
  7113 | D:7      | Reached **** piety under Okawaru
  7963 | D:8      | Found Ressuc's Antique Armour Shop.
  7985 | D:8      | Noticed Amaemon
  8090 | D:7      | Killed a two-headed ogre
  8091 | D:7      | Reached skill level 13 in Armour
  8902 | D:8      | Reached ***** piety under Okawaru
  8923 | D:7      | Reached skill level 14 in Armour
  9054 | D:8      | Reached XP level 11. HP: 75/75 MP: 11/11
  9374 | D:9      | Noticed a deep troll
  9936 | D:9      | Noticed a fire dragon
 10650 | D:9      | Found a transporter.
 10654 | D:9      | Noticed a tengu warrior
 10656 | D:9      | Noticed a two-headed ogre
 10657 | D:9      | Found a transporter.
 10669 | D:9      | Found an ornate altar of the Wu Jian Council.
 10670 | D:9      | Found a glowing silver altar of Zin.
 10733 | D:9      | Found a staircase to the Lair.
 11189 | D:10     | Entered Level 10 of the Dungeon
 11741 | D:10     | Reached skill level 15 in Armour
 11769 | D:10     | Identified the ring of the Evening {rN+ Will- AC+4 Dex+3}
 12217 | D:10     | Noticed a two-headed ogre
 12234 | D:10     | Killed a two-headed ogre
 12234 | D:10     | Reached ****** piety under Okawaru
 12234 | D:10     | Received a gift from Okawaru
 12676 | D:10     | Noticed a two-headed ogre
 12683 | D:10     | Killed a two-headed ogre
 12863 | D:11     | Reached skill level 10 in Shields
 13024 | D:11     | Noticed a two-headed ogre
 13032 | D:11     | Killed a two-headed ogre
 13115 | D:11     | Noticed a cyclops
 13121 | D:11     | Killed a cyclops
 13122 | D:11     | Reached skill level 16 in Armour
 13479 | D:11     | Reached XP level 12. HP: 75/82 MP: 12/12
 13772 | D:11     | Noticed a sun demon
 13778 | D:10     | Noticed a soul eater
 13923 | Lair:1   | Entered Level 1 of the Lair of Beasts
 13923 | Lair:1   | Noticed a catoblepas
 14074 | Lair:1   | Killed a catoblepas
 14208 | Lair:1   | Identified the ring of Miriczeg {+Blink rCorr Int+3 Stlth+}
 15182 | Lair:2   | Found a hole to the Spider Nest.
 15617 | Lair:2   | Found a one-way gate to the infinite horrors of the Abyss.
 15617 | Lair:2   | Noticed Longtemps's ghost (journeyman OpEE)
 15621 | Lair:2   | Found a transporter.
 15654 | Lair:2   | Reached skill level 17 in Armour
 15695 | Lair:2   | Found a transporter.
 15697 | Lair:2   | Noticed a great orb of eyes
 16389 | Lair:2   | Received a gift from Okawaru
 16508 | Lair:2   | Identified the +1 morningstar of the Ten Things {freeze,
                  | rPois Str+3}
 17893 | Lair:3   | Reached skill level 18 in Armour
 17893 | Lair:3   | Gained mutation: You can hop long distances. [Barachi
                  | growth]
 17893 | Lair:3   | Reached XP level 13. HP: 59/87 MP: 13/13
 18522 | Lair:3   | Reached skill level 1 in Invocations
 18890 | Lair:4   | Received a gift from Okawaru
 18890 | Lair:4   | Found the +8 whip "Snakebite" {venom, curare, rPois}
 19420 | Lair:4   | Found a staircase to the Slime Pits.
 19437 | Lair:4   | Found a viscous altar of Jiyva.
 19472 | Lair:4   | Got Vehumet's Grimoire of Conflict
 19564 | Lair:3   | HP: 2/71 [spectral eight-headed hydra (4)]
 19564 | Lair:3   | Slain by a spectral eight-headed hydra

Illustrated notes

Levels and vault maps discovered:
D:1:      heliophobic_arrival_henge, layout_basic, corner_web_ring,
          minmay_hexomino_c4
D:2:      layout_loops_corners, st_stairs_13, uniq_robin
D:3:      minmay_roachtagon, layout_basic, worldfamousw_hep_ancestral_shrine,
          nicolae_overflow_squiral, uniq_terence, uniq_sigmund, uniq_grinder
D:4:      layout_basic, grunt_gozag_breadcrumbs
D:5:      gammafunk_wand_slinger, layout_loops_ring, nrook_loot_triangle,
          mrwooster_statue_mirror, dk_noncrumbling_4, kennysheep_generic_room_3
D:6:      layout_rooms, mainiacjoe_overflow_boulevard,
          minmay_temple_entry_gardened_gates
D:7:      layout_loops_cross, dancing_weapons_uskayaw, serial_shops,
          nicolae_stop_n_shop_1, nicolae_ossuary_entry_plus, uniq_prince_ribbit1
D:8:      layout_cave_pools, serial_shops, shop, uniq_amaemon
D:9:      dragon1_lemuel, layout_long_grid, gammafunk_temple_overflow_arena,
          david_lair_shrubbed
D:10:     layout_loops_cross, roderic_serpentine_path
D:11:     layout_loops_ring
Lair:1:   layout_regular_city, eino_small_chamber_without_monster,
          infiniplex_staircase_pool, lemuel_fruit_fields
Lair:2:   layout_big_grid, nicolae_spider_entry_non_spiders,
          gammafunk_ghost_abyssal_escape, nicolae_lair_grazing_beasts
          [nicolae_sub_lair_graze_edge, nicolae_sub_lair_graze_edge,
          nicolae_sub_lair_graze_edge, nicolae_sub_lair_graze_edge],
          serial_bayou_shore_b, lemuel_fruit_tree, serial_bayou_shore_a
Lair:3:   layout_gridlike, nicolae_swamp_entry_spooky, bobbens_dragon_lair_wall
Lair:4:   layout_gridlike, nicolae_slime_entry_slimehenge,
          chequers_serial_rivers_micro_e, st_stairs_13

Skill      XL: |  1  2  3  4  5  6  7  8  9 10 11 12 13 |
---------------+----------------------------------------+-----
Long Blades    | 3 4 5 6 7 9 10 11 12 | 12.7
Shields        | 4 5 6 7 10 13 | 13.2
Armour         | 8 12 14 16 18 | 18.0
Invocations    | 2 |  2.3
Fighting       | |  3.6

Action                     |  1- 3 |  4- 6 |  7- 9 | 10-12 | 13-15 || total
---------------------------+-------+-------+-------+-------+-------++-------
  Melee: Long sword        |   126 |   131 |   337 |  1005 |   156 ||  1755
         Unarmed           |       |       |     2 |       |       ||     2
 Invoke: Heroism           |       |       |       |       |     1 ||     1
Ability: Hop               |       |     2 |       |     1 |     1 ||     4
  Evoke: Wand              |       |       |     4 |       |       ||     4
    Use: Potion            |       |     5 |     2 |     8 |     2 ||    17
         Scroll            |       |     9 |     7 |     6 |     6 ||    28
 Armour: Scale mail        |    57 |    71 |    39 |       |       ||   167
         Crystal plate arm |       |       |   277 |   784 |   184 ||  1245
         Skin              |       |       |       |     3 |       ||     3
  Dodge: Dodged            |    51 |    68 |    96 |   180 |    28 ||   423
  Block: Buckler           |    26 |    43 |   151 |   156 |       ||   376
         Kite shield       |       |       |       |   432 |   143 ||   575
         Reflection        |       |       |       |     8 |       ||     8

Table legend: (Time is in decaauts)
 A = Elapsed time spent in this place.
 B = Non-inter-level travel time spent in this place.
 C = Inter-level travel time spent in this place.
 D = Time resting spent in this place.
 E = Time spent auto-exploring this place.
 F = Levels seen in this place.
 G = Mean time per level.
                   A        B        C        D        E       F      G
               +--------+--------+--------+--------+--------+-----+--------+
         Total |  21843 |  18053 |   3790 |   7081 |   6583 |  16 | 1365.2 |
       Dungeon |  15437 |  12530 |   2907 |   4477 |   5149 |  11 | 1403.4 |
          Lair |   6111 |   5229 |    882 |   2559 |   1411 |   4 | 1527.8 |
       Ossuary |    294 |    294 |      0 |     44 |     22 |   1 |  294.0 |
               +--------+--------+--------+--------+--------+-----+--------+

Top non-repeatable levels by time:
     D:7: 2620 daAuts
  Lair:2: 2587 daAuts
     D:9: 2482 daAuts
     D:2: 1742 daAuts
  Lair:1: 1626 daAuts
    D:10: 1580 daAuts
     D:1: 1437 daAuts
     D:8: 1220 daAuts
     D:5: 1169 daAuts
     D:3: 1099 daAuts
  Lair:4: 1008 daAuts
  Lair:3: 889 daAuts
     D:4: 870 daAuts
    D:11: 824 daAuts
     D:6: 389 daAuts
